 Seeded DCSS version 0.32-a0-928-g1cae6b7ea0 (webtiles) character file.

Game seed: 202404123 (custom seed)

11 Orlauf the Chopper (level 2, -1/22 HPs)
             Began as a Demonspawn Gladiator on Apr 12, 2024.
             Slain by a jackal (2 damage)
             ... on level 1 of the Dungeon.
             The game lasted 00:00:25 (294 turns).

Orlauf the Chopper (Demonspawn Gladiator)            Turns: 294, Time: 00:00:26

Health: -1/22      AC:  3    Str: 14    XL:     2   Next: 13%
Magic:  2/2        EV: 11    Int:  8    God:
Gold:   0          SH:  0    Dex: 14    Spells: 1/1 levels left

rFire   . . .        a - +0 war axe
rCold   . . .        (no shield)
rNeg    + . .        b - +0 leather armour
rPois   .            (helmet restricted)
rElec   .            (no cloak)
rCorr   .            (no gloves)
SInv    .            (no boots)
Will    .....        (no amulet)
Stlth   +            f - ring of positive energy
HPRegen 0.23/turn    (no ring)
MPRegen 0.08/turn

%: no passive effects
@: no status effects
A: antennae 1
a: no special abilities


You were on level 1 of the Dungeon.
You visited 1 branch of the dungeon, and saw 1 of its levels.

Inventory:

Hand Weapons
 a - a +0 war axe (weapon)
Missiles
 d - 3 throwing nets (quivered)
 e - a javelin
Armour
 b - a +0 leather armour (worn)
 c - a +0 helmet
Jewellery
 f - a ring of positive energy (left hand)
Scrolls
 g - a scroll of vulnerability {unknown}
 h - a scroll of fog {unknown}


   Skills:
 + Level 2.2 Fighting
 * Level 3.1 Axes
 - Level 1.7 Throwing
 - Level 2.6 Dodging


You had one spell level left.
You didn't know any spells.
Your spell library was empty.

Dungeon Overview and Level Annotations

Branches:
Dungeon (1/15)

Altars:


Innate Abilities, Weirdness & Mutations

You have a pair of small antennae on your head.


Message History

You are too injured to fight recklessly!
You are too injured to fight recklessly!
You are too injured to fight recklessly!
You hit the jackal.
The jackal is severely wounded.
You closely miss the jackal. The jackal bites you.
The jackal barely misses you. The jackal closely misses you.
The jackal misses you.
You barely miss the jackal.
The jackal is severely wounded.
You closely miss the jackal.
The jackal bites you but does no damage.
The jackal closely misses you. The jackal bites you. x2
* * * LOW HITPOINT WARNING * * *
Unknown command.
You barely miss the jackal.
The jackal is severely wounded.
You barely miss the jackal. The jackal closely misses you.
The jackal bites you.
* * * LOW HITPOINT WARNING * * *
The jackal bites you.
* * * LOW HITPOINT WARNING * * *
You closely miss the jackal.
The jackal is heavily wounded.
You barely miss the jackal.
The jackal bites you but does no damage.
The jackal closely misses you. x2
The jackal bites you but does no damage.
You hit the jackal.
The jackal is almost dead.
You barely miss the jackal.
The jackal bites you but does no damage.
The jackal misses you. The jackal bites you.
* * * LOW HITPOINT WARNING * * *
The jackal barely misses you.
You hit the jackal.
You kill the jackal!
You closely miss the jackal. The jackal barely misses you.
The jackal bites you.
You die...

#.# ##.###...#
#.#..# #.# #.#
##......#
#.#..# ###
###....# #.#
##...###.#
#.......#
#....#######
#...........
####.....######
.......@h#
..##...#h# #
#####.# .# ..
.. #.. ..


You could see 2 jackals.

Vanquished Creatures
  An endoplasm (D:1)
  2 giant cockroaches (D:1)
  A goblin (D:1)
  A hobgoblin (D:1)
  2 jackals (D:1)
  A bat (D:1)
  2 kobolds (D:1)
  A rat (D:1)
11 creatures vanquished.

Notes
Turn   | Place    | Note
-------+----------+-------------------------------------------
     0 | D:1      | Orlauf the Demonspawn Gladiator began the quest for the
                  | Orb.
     0 | D:1      | Reached XP level 1. HP: 16/16 MP: 1/1
   130 | D:1      | Reached skill level 3 in Axes
   181 | D:1      | Discovered your monstrous ancestry.
   181 | D:1      | Gained mutation: You have a pair of small antennae on your
                  | head. [demonic ancestry]
   181 | D:1      | Reached XP level 2. HP: 22/22 MP: 2/2
   291 | D:1      | HP: 1/22 [jackal (2)]
   294 | D:1      | Slain by a jackal

Illustrated notes

Levels and vault maps discovered:
D:1:      spicycebolla_arrival_xxxplode, layout_basic, serial_shops, shop,
          minmay_misc_feat_encased

Skill      XL: |  1 |
---------------+----+-----
Axes           | 3 |  3.1
Fighting       | |  2.2
Throwing       | |  1.7
Dodging        | |  2.6

Action                     || total
---------------------------++-------
  Melee: War axe           ||    35
   Stab: Sleeping          ||     1
 Armour: Leather armour    ||    35
  Dodge: Dodged            ||    34

Table legend: (Time is in decaauts)
 A = Elapsed time spent in this place.
 B = Non-inter-level travel time spent in this place.
 C = Inter-level travel time spent in this place.
 D = Time resting spent in this place.
 E = Time spent auto-exploring this place.
 F = Levels seen in this place.
 G = Mean time per level.
                   A        B        C        D        E       F      G
               +--------+--------+--------+--------+--------+-----+--------+
         Total |    305 |    305 |      0 |      0 |    226 |   1 |  305.0 |
       Dungeon |    305 |    305 |      0 |      0 |    226 |   1 |  305.0 |
               +--------+--------+--------+--------+--------+-----+--------+

Top non-repeatable levels by time:
     D:1: 305 daAuts
